 Dungeon Crawl Stone Soup version 0.31-a0-1178-gc5c9b8f871 (webtiles) character file.

Game seed: 6528620471677624825

70 qw the Shooter (level 4, -3/28 HPs)
             Began as a Gargoyle Hunter on Dec 11, 2023.
             Killed from afar by Sigmund (8 damage)
             ... with a puff of flame
             ... on level 3 of the Dungeon.
             The game lasted 00:00:35 (1625 turns).

qw the Shooter (Gargoyle Hunter)                    Turns: 1625, Time: 00:00:35

Health: -3/28      AC:  9    Str: 14    XL:     4   Next: 22%
Magic:  4/4        EV: 10    Int: 10    God:
Gold:   91         SH:  0    Dex: 15    Spells: 3/3 levels left

rFire   . . .        a - +0 shortbow
rCold   . . .        (shield currently unavailable)
rNeg    + . .        g - +0 ring mail
rPois   inf          (no helmet)
rElec   +            (no cloak)
rCorr   .            (no gloves)
SInv    .            b - +0 pair of boots
Will    .....        (no amulet)
Stlth   +            (no ring)
HPRegen 0.24/turn    (no ring)
MPRegen 0.09/turn

%: no passive effects
@: no status effects
A: sickness immunity, AC +3, negative energy resistance 1, electricity
resistance, torment resistance 1, petrification resistance
a: no special abilities


You were on level 3 of the Dungeon.
You visited 1 branch of the dungeon, and saw 3 of its levels.

You collected 91 gold pieces.


Innate Abilities, Weirdness & Mutations

You are immune to sickness and miasma.
Your stone body is resilient. (AC +3)
You are immune to poison.
You resist negative energy. (rN+)
You are resistant to electric shocks. (rElec)
You are resistant to unholy torment.
You are immune to petrification.


   Skills:
 - Level 3.0 Fighting
 + Level 5.1 Ranged Weapons
 - Level 1.2 Armour
 - Level 1.5 Dodging
 - Level 1.1 Stealth


You had 3 spell levels left.
You didn't know any spells.
Your spell library was empty.

Inventory:

Hand Weapons
 a - a +0 shortbow (weapon)
Armour
 b - a +0 pair of boots (worn)
 g - a +0 ring mail (worn)
Potions
 e - a potion of curing
 k - a potion of brilliance {unknown}

Dungeon Overview and Level Annotations

Branches:
Dungeon (3/15)

Altars:

Annotations:
D:3 Sigmund


Message History

You shoot an arrow. The arrow hits the hound skeleton!
The hound skeleton is heavily damaged.
Sigmund points at you and mumbles some strange words.
The magic dart hits you but does no damage.
The hound skeleton bites you but does no damage.
The hound skeleton closely misses you.
Sigmund gestures wildly while chanting.
Sigmund flickers and vanishes!
Deactivating autopickup; reactivate with Ctrl-A.
You shoot an arrow. The arrow hits the hound skeleton.
The hound skeleton is heavily damaged.
The hound skeleton closely misses you. Something hits you but does no damage.
You shoot an arrow. The arrow hits the hound skeleton.
The hound skeleton is severely damaged.
The hound skeleton closely misses you. x2
You hear a zap.
A puff of flame appears from out of thin air!
The puff of flame hits you.
You shoot an arrow.
The arrow barely misses the hound skeleton.
The hound skeleton closely misses you. Something completely misses you.
You shoot an arrow. The arrow hits the hound skeleton.
The hound skeleton is almost destroyed.
The hound skeleton bites you but does no damage.
The hound skeleton misses you. Something hits you.
You shoot an arrow. The arrow hits the hound skeleton.
The hound skeleton is almost destroyed.
The hound skeleton bites you but does no damage. x2
You shoot an arrow. The arrow hits the hound skeleton!
You destroy the hound skeleton!
Something hits you.
Your Armour skill increases to level 1!
You shoot an arrow.
You hear a zap.
A puff of flame appears from out of thin air!
The puff of flame hits you!
You hear a zap.
A puff of flame appears from out of thin air!
The puff of flame hits you!
You die...

................#.#
###'#####.#.......#
#........#.....####
#.<......#........#
#........#.##.###.#
#........#.##...#
#........#.####.#
.........#.# #.#
..........#.# #@#
..........#...{.......#
....#######...........#
#...........#
#.............
......#+#8...## ......
.....# ...... ..P..#


There were no monsters in sight!

Vanquished Creatures
  A hound skeleton (D:3)
  An adder (D:2)
  A dart slug (D:1)
  An orc (D:2)
  A bat (D:2)
  2 endoplasms (D:1)
  2 goblins (D:2)
  5 hobgoblins
  6 jackals (D:1)
  7 kobolds
  3 quokkas
  6 ball pythons
  A quokka zombie (D:3)
  4 rats
41 creatures vanquished.

Notes
Turn   | Place    | Note
-------+----------+-------------------------------------------
     0 | D:1      | qw the Gargoyle Hunter began the quest for the Orb.
     0 | D:1      | Reached XP level 1. HP: 12/12 MP: 1/1
     0 | D:1      | 0 ||| qw: Version: 0.3-a-106-g2cfff9e
     0 | D:1      | 0 ||| qw: Game counter: 2006
     0 | D:1      | 0 ||| qw: Melee chars always use a shield: true
     0 | D:1      | 0 ||| qw: God list: Okawaru
     0 | D:1      | 0 ||| qw: Allow faded altars: false
     0 | D:1      | 0 ||| qw: Do Orc after clearing Dungeon:15 true
     0 | D:1      | 0 ||| qw: Do second Lair branch before Depths: true
     0 | D:1      | 0 ||| qw: Lair rune preference: random
     0 | D:1      | 0 ||| qw: Goals: Normal, Save, Zot:1-4, Win
     0 | D:1      | 0 ||| PLANNING D:1-11
   140 | D:1      | Reached XP level 2. HP: 17/17 MP: 2/2
   453 | D:1      | 453 ||| DROPPING scarf of harm.
   454 | D:1      | 454 ||| DROPPING scroll of butterflies.
   461 | D:1      | Reached XP level 3. HP: 20/21 MP: 3/3
   475 | D:1      | Reached skill level 5 in Ranged Weapons
   809 | D:1      | 809 ||| UPGRADING to +0 pair of boots.
   814 | D:1      | 814 ||| READING 3 scrolls labelled FOEVVO AZIX.
  1038 | D:2      | Reached skill level 3 in Fighting
  1385 | D:2      | Found a faded altar of an unknown god.
  1532 | D:2      | 1532 ||| UPGRADING to +0 ring mail.
  1542 | D:2      | 1542 ||| DROPPING +0 leather armour.
  1543 | D:2      | 1543 ||| READING 3 scrolls of identify.
  1543 | D:2      | 1543 ||| IDENTIFYING brown potion
  1544 | D:2      | 1544 ||| READING 2 scrolls of identify.
  1544 | D:2      | 1544 ||| IDENTIFYING smoky golden potion
  1545 | D:2      | 1545 ||| READING scroll of identify.
  1545 | D:2      | 1545 ||| IDENTIFYING bubbling inky potion
  1546 | D:2      | 1546 ||| READING scroll labelled ADWAKU KUODYL.
  1547 | D:2      | 1547 ||| DRINKING 2 fuming green potions.
  1548 | D:2      | 1548 ||| DROPPING potion of degeneration.
  1549 | D:2      | 1549 ||| DROPPING potion of attraction.
  1550 | D:2      | 1550 ||| DROPPING potion of lignification.
  1598 | D:3      | Reached XP level 4. HP: 28/28 MP: 4/4
  1613 | D:3      | Noticed Sigmund
  1625 | D:3      | Reached skill level 1 in Armour
  1625 | D:3      | HP: 5/28 [something/puff of flame (10)]
  1625 | D:3      | Killed from afar by Sigmund

Levels and vault maps discovered:
D:1:      lightli_arrival_windingriver, layout_basic, minmay_strange_pillars,
          amcnicky_mini_pool_small
D:2:      layout_loops_ring, shapermc_ecumenical_altar_pompeii,
          serial_park_tiny_1
D:3:      layout_basic, serial_undead, serial_undead_c, serial_undead_c,
          serial_undead_a, serial_undead_a, uniq_sigmund

Skill      XL: |  1  2  3  4 |
---------------+-------------+-----
Ranged Weapons | 5 |  5.1
Fighting       | 3 |  3.0
Armour         | 1 |  1.2
Dodging        | |  1.5
Stealth        | |  1.1

Action                     |  1- 3 |  4- 6 || total
---------------------------+-------+-------++-------
   Fire: Shortbow          |   110 |    12 ||   122
    Use: Scroll            |     5 |       ||     5
         Potion            |     1 |       ||     1
 Armour: Leather armour    |    21 |       ||    21
         Ring mail         |       |    15 ||    15
  Dodge: Dodged            |    20 |     7 ||    27

Table legend:
 A = Non-vault XP
 B = Vault XP
 C = Vault XP percentage of total XP
 D = Non-vault monster count
 E = Vault monster count
 F = Vault count percentage of total count
                 A         B        C        D         E       F
            +---------+---------+-------+---------+---------+-------
      Total |      81 |      20 |  19.8 |      39 |       2 |   4.9
            +---------+---------+-------+---------+---------+-------
        D:1 |      42 |       0 |   0.0 |      23 |       0 |   0.0
        D:2 |      38 |       0 |   0.0 |      15 |       0 |   0.0
        D:3 |       1 |      20 |  95.2 |       1 |       2 |  66.7
            +---------+---------+-------+---------+---------+-------
